 Dungeon Crawl Stone Soup version 0.19-a0-1216-g363869b (webtiles) character file.

1001 4thArraOfDagon the Firebug (level 8, -2/36 HPs)
             Began as a Deep Elf Fire Elementalist on Aug 23, 2016.
             Was a Follower of Sif Muna.
             Slain by a centaur (5 damage)
             ... on level 8 of the Dungeon.
             The game lasted 00:09:11 (1377 turns).

4thArraOfDagon the Firebug (DEFE)                   Turns: 1377, Time: 00:09:12

Health: -2/36      AC:  3    Str:  5    XL:     8   Next: 0%
Magic:  0/18       EV: 13    Int: 23    God:    Sif Muna [*.....]
Gold:   173        SH:  5    Dex: 15    Spells: 4 memorised, 5 levels left

rFire  . . .     SeeInvis .     g - +0 long sword
rCold  + + .     Gourm    .     a - +1 robe
rNeg   . . .     Faith    .     (no shield)
rPois  .         Spirit   .     (no helmet)
rElec  .         Dismiss  .     (no cloak)
rCorr  .         Reflect  +     (no gloves)
MR     .....     Harm     .     (no boots)
Stlth  ++........               e - +5 amulet of reflection
                                (no ring)
                                n - ring of protection from cold

@: very slightly contaminated, no casting
A: blurry vision 1, cold resistance 1, frail 1
a: Stop Divine Energy, Renounce Religion


You were on level 8 of the Dungeon.
You worshipped Sif Muna.
Sif Muna was aware of your devotion.
You were very hungry.

You visited 2 branches of the dungeon, and saw 10 of its levels.

You collected 173 gold pieces.

Inventory:

Hand Weapons
 g - a +0 long sword (weapon)
Armour
 a - a +1 robe (worn)
Jewellery
 e - a +5 amulet of reflection (around neck)
 n - a ring of protection from cold (left hand)
Wands
 f - a wand of random effects (18/48)
 k - a wand of paralysis (9/24)
 m - a wand of paralysis (6/24)
Scrolls
 d - a scroll of fog {unknown}
 i - 2 scrolls of enchant armour
 j - a scroll of remove curse
Books
 b - a book of Flames

   Spells                             Type                      Level
   a - Flame Tongue                   Conjuration/Fire             1
   b - Throw Flame                    Conjuration/Fire             2
   c - Conjure Flame                  Conjuration/Fire             3
   d - Inner Flame                    Hexes/Fire                   3
   e - Sticky Flame                   Conjuration/Fire             4
   f - Fireball                       Conjuration/Fire             5
Comestibles
 c - 3 bread rations
 h - 2 chunks of flesh
 l - a slice of pizza


   Skills:
 - Level 2.4 Dodging
 - Level 2.4 Stealth
 + Level 5.9 Spellcasting
 * Level 6.1 Conjurations
 * Level 6.8 Fire Magic
 + Level 2.8 Invocations


You had 5 spell levels left.
You knew the following spells:

 Your Spells              Type           Power        Failure   Level  Hunger
a - Flame Tongue          Conj/Fire      #####        1%          1    None
b - Conjure Flame         Conj/Fire      #####...     1%          3    #......
c - Sticky Flame          Conj/Fire      #####...     10%         4    ###....
d - Fireball              Conj/Fire      #####.....   21%         5    #####..


Dungeon Overview and Level Annotations

Branches:
Dungeon (9/15)             Temple (1/1) D:7
   Lair: D:8-11         Orc: D:9-12

Altars:
Ashenzari
Dithmenos
Fedhas
Gozag
Makhleb
Ru
Sif Muna
Trog
Uskayaw
Vehumet
Xom
Yredelemnul
The Shining One

Shops:
D:7 [

Annotations:
D:2 Natasha
D:7 exclusion: upstairs
D:8 Prince Ribbit
D:9 exclusion: orange crystal statue


Innate Abilities, Weirdness & Mutations

Scrolls take you a little longer to read.
Your flesh is cold resistant. (rC+)
You are frail. (-10% HP)


Message History

You destroy the wight!
Sif Muna accepts your kill.
You have reached level 8!
You feel clever.
The fireball engulfs the centaur.
The centaur is almost dead.
Sif Muna grants you divine energy.
You briefly lose access to your magic!
You hear a shout!
Unknown command.
You aren't carrying any potions.
Unknown command.
Evoke which item? (* to show all) (? for menu, Esc to quit)
Zapping:
k - a wand of paralysis (10/24)
Press: ? - help, Shift-Dir - straight line, f - centaur
Aim: a centaur, wielding a shortbow (almost dead, chance to defeat MR: 46%)
The centaur resists with some effort.
This wand has 9 charges left.
The centaur unwields an uncursed shortbow.
The centaur hits you.
You die...

#.c.z #.# #..##......# ....z
#z# .##....... #.#.o #c#
........... #. #.# ##.#.####..
#. #.# #.#.# #.. #.######.#
#.#.# #..
#.#..c.z.########...# #..
#.#.#######.........# #..
#...z.).c@.........>####..
#.....(.###...#...............
######### #...##########......
#...# #...... ##### #....).
#...... ........ ..####..#
#... #..#


You could see a centaur and a wight.

Vanquished Creatures
  A yak (D:9)
  A water moccasin (D:8)
  An orc warrior (D:7)
  A sky beast (D:8)
  2 ogres (D:9)
  A centaur (D:7)
  A water moccasin zombie (D:9)
  2 wights (D:8)
  2 orc wizards
  A centaur skeleton (D:7)
  2 worker ants
  An adder (D:2)
  An adder skeleton (D:7)
  A giant gecko (D:8)
  7 orcs
  2 giant cockroaches
  A goblin (D:1)
  A hobgoblin (D:1)
  2 jackals (D:3)
  A quokka (D:2)
  A giant newt (D:5)
  A kobold (D:2)
  A quokka zombie (D:7)
  6 rats
41 creatures vanquished.

Notes
Turn   | Place    | Note
-------+----------+-------------------------------------------
     0 | D:1      | 4thArraOfDagon the Deep Elf Fire Elementalist began the quest for the Orb.
     0 | D:1      | Reached XP level 1. HP: 10/10 MP: 6/6
   228 | D:2      | Reached XP level 2. HP: 8/15 MP: 8/8
   251 | D:2      | Noticed Natasha
   460 | D:3      | fuck
   475 | D:3      | Gained mutation: You have sharp fingernails. [potion of mutation]
   475 | D:3      | Gained mutation: You have large cloven feet. [potion of mutation]
   491 | D:4      | Reached XP level 3. HP: 15/19 MP: 0/10
   496 | D:4      | Learned a level 3 spell: Conjure Flame
   553 | D:5      | Entered Level 5 of the Dungeon
   557 | D:5      | Reached XP level 4. HP: 23/24 MP: 5/11
   563 | D:5      | Learned a level 4 spell: Sticky Flame
   621 | D:7      | Found Guasilolou's Antique Armour Shoppe.
   633 | D:7      | Found an opulent altar of Gozag.
   640 | D:7      | Noticed an orc warrior
   724 | D:7      | Lost mutation: You have large cloven feet. [potion of cure mutation]
   724 | D:7      | Lost mutation: You have sharp fingernails. [potion of cure mutation]
   739 | D:7      | Killed an orc warrior
   739 | D:7      | Reached skill level 5 in Fire Magic
   739 | D:7      | Reached XP level 5. HP: 11/28 MP: 1/13
   834 | D:7      | Found a staircase to the Ecumenical Temple.
   838 | Temple   | Entered the Ecumenical Temple
   897 | Temple   | Became a worshipper of Sif Muna the Loreminder
   923 | D:7      | Noticed a centaur
   925 | D:7      | Killed a centaur
   925 | D:7      | Reached XP level 6. HP: 32/32 MP: 8/14
  1047 | D:8      | Noticed a sky beast
  1051 | D:8      | Noticed Prince Ribbit
  1055 | D:8      | Killed a sky beast
  1055 | D:8      | Reached skill level 1 in Invocations
  1063 | D:8      | Gained mutation: Scrolls take you a little longer to read. [mutagenic meat]
  1066 | D:8      | Gained mutation: Your flesh is cold resistant. (rC+) [mutagenic meat]
  1069 | D:8      | Gained mutation: You are frail. (-10% HP) [mutagenic meat]
  1084 | D:8      | Learned a level 5 spell: Fireball
  1096 | D:8      | Noticed a water moccasin
  1106 | D:8      | Killed a water moccasin
  1106 | D:8      | Reached skill level 5 in Spellcasting
  1106 | D:8      | Reached skill level 5 in Conjurations
  1106 | D:8      | Reached XP level 7. HP: 19/32 MP: 5/16
  1188 | D:9      | Noticed an orange crystal statue
  1225 | D:9      | Reached * piety under Sif Muna
  1269 | D:9      | Noticed a yak
  1269 | D:9      | Noticed a yak
  1269 | D:9      | Noticed a yak
  1269 | D:9      | Noticed a yak
  1270 | D:9      | Noticed a yak
  1270 | D:9      | Noticed a yak
  1285 | D:9      | Killed a yak
  1376 | D:8      | Reached XP level 8. HP: 3/36 MP: 0/18
  1377 | D:8      | Slain by a centaur

Vault maps used:
D:1:      ncdulo_smallfort, minmay_misc_feat_square
D:2:      first_bread, elyvilon_altar_1, uniq_natasha, uniq_sigmund
D:3:      lemuel_crystal_altar
D:4:      lemuel_round_altar, lemuel_crystal_altar,
          gammafunk_temple_overflow_pools, uniq_eustachio
D:5:      uniq_crazy_yiuf_cottage
D:6:      old_standard_altar
D:7:      nicolae_gozag_seed_capital, serial_shops,
          nicolae_shop_temple_entry_statues_fountains
D:8:      uniq_prince_ribbit1, uniq_grum
D:9:      minmay_separated_statues, dpeg_oklobed_lair, uniq_pikel
Temple:   eino_narrow_crystal_temple

Skill      XL: |  1  2  3  4  5  6  7 |
---------------+----------------------+-----
Conjurations   | 2 3 4 5 6 |  6.1
Fire Magic     | 4 5 6 |  6.8
Spellcasting   | 4 5 |  5.9
Invocations    | 1 2 |  2.8
Dodging        | |  2.4
Stealth        | |  2.4

Action                   |  1- 3 |  4- 6 |  7- 9 || total
-------------------------+-------+-------+-------++-------
Melee: Long sword        |    16 |    25 |     1 ||    42
       Kick              |     1 |     1 |       ||     2
 Cast: Flame Tongue      |    36 |    19 |    13 ||    68
       Sticky Flame      |       |     7 |     3 ||    10
       Conjure Flame     |       |     2 |     2 ||     4
       Fireball          |       |       |     3 ||     3
Invok: Divine Energy     |       |       |     1 ||     1
Evoke: Wand              |       |       |     1 ||     1
  Use: Scroll            |     3 |     2 |     1 ||     6
       Potion            |     1 |     3 |       ||     4
  Eat: Chunk             |       |     5 |     1 ||     6
Armor: Robe              |     3 |     6 |       ||     9
Dodge: Dodged            |    20 |    26 |     1 ||    47
Block: Other             |    12 |     4 |       ||    16
